 Dungeon Crawl Stone Soup version 0.28-a0-8-g6e044cfa68 (webtiles) character file.

Game seed: 14051636269413603550

394 Spaninq the Ruffian (level 6, -2/62 HPs)
             Began as a Troll Chaos Knight on July 23, 2021.
             Was a Plaything of Xom.
             Killed by vampiric draining
             ... invoked by a vampire
              (17 damage)
             ... on level 5 of the Dungeon.
             The game lasted 00:07:10 (2759 turns).

Spaninq the Ruffian (Troll Chaos Knight)            Turns: 2759, Time: 00:07:11

Health: -2/62      AC:  6    Str: 20    XL:     6   Next: 51%
Magic:  5/5        EV: 10    Int: 10    God:    Xom [...*..]
Gold:   202        SH:  0    Dex: 10    Spells: 5/5 levels left

rFire   . . .      SeeInvis .     - Unarmed
rCold   . . .      Faith    .   (no shield)
rNeg    . . .      Spirit   .   a - +2 robe
rPois   .          Reflect  .   (helmet restricted)
rElec   .          Harm     .   (no cloak)
rCorr   .          Rampage  .   (gloves unavailable)
Will    .....      Clarity  +   (boots unavailable)
Stlth   +.........              (no amulet)
HPRegen 1.20/turn               (no ring)
MPRegen 0.09/turn               (no ring)

@: no status effects
A: large, unfitting armour, claws 3, regeneration 1, shaggy fur 1, tough skin 1,
clarity, clever 1, weak 1
a: Renounce Religion


You were on level 5 of the Dungeon.
You worshipped Xom.
You were a favourite toy of Xom.
You visited 2 branches of the dungeon, and saw 6 of its levels.

You collected 202 gold pieces.

Inventory:

Hand Weapons
 j - a +4 vorpal hand axe
Armour
 a - a +2 robe (worn)
Jewellery
 m - a ring of fire
Wands
 i - a wand of polymorph (5)
Scrolls
 b - a scroll of magic mapping
 c - a scroll of enchant weapon
 e - 3 scrolls of teleportation
 o - a scroll of blinking
Potions
 p - a potion of haste {unknown}
 q - a potion of degeneration {unknown}


   Skills:
 + Level 4.0 Fighting
 - Level 1.9 Dodging
 * Level 6.3 Unarmed Combat


You had 5 spell levels left.
You didn't know any spells.
Your spell library contained the following spells:

 Spells                   Type           Power      Damage    Failure   Level
 Animate Armour           Summ/Erth      0%         N/A       98%         4
 Blade Hands              Tmut           0%         N/A       100%        5
 Iron Shot                Conj/Erth      0%         9d1       100%        6


Dungeon Overview and Level Annotations

Branches:
Dungeon (5/15)             Temple (1/1) D:4

Altars:
Ashenzari
Cheibriados
Dithmenos
Elyvilon
Fedhas
Gozag
Hepliaklqana
Kikubaaqudgha
Makhleb
Nemelex Xobeh
Okawaru
Qazlal
Uskayaw
Vehumet
Wu Jian
Xom
Yredelemnul
Zin
The Shining One

Annotations:
D:4 2 transporters


Innate Abilities, Weirdness & Mutations

You are too large for most types of armour.
You have claws for hands.
Your natural rate of healing is unusually fast.
You are covered in fur. (AC +1)
You have tough skin. (AC +1)
You possess an exceptional clarity of mind.
Your mind is acute. (Int +2)
You are weak. (Str -2)


Message History

You kill the ogre!
Something tries to affect you, but you resist.
Your Fighting skill increases to level 4!
You close the door.
You see here a +0 giant club.
You scratch something but do no damage. Something hits you!
Something bites you.
Something draws strength from your injuries!
You scratch something but do no damage. You scratch something but do no damage.
Something hits you! Something bites you but does no damage.
You scratch something. Something hits you but does no damage.
Something bites you.
Something draws strength from your injuries!
You completely miss something. Something hits you! Something bites you!
Something draws strength from your injuries!
You barely miss something.
You hear some strange, mumbled words.
You feel momentarily confused.
You scratch something but do no damage. Something hits you.
Something bites you but does no damage.
You closely miss something. Something hits you. Something bites you.
Something draws strength from your injuries!
You barely miss something. Something hits you.
* * * LOW HITPOINT WARNING * * *
Something bites you.
* * * LOW HITPOINT WARNING * * *
Something draws strength from your injuries!
You barely miss something. You claw something. You claw something!
Something hits you.
* * * LOW HITPOINT WARNING * * *
Something bites you but does no damage.
You claw something! Something hits you but does no damage. Something bites you.
* * * LOW HITPOINT WARNING * * *
Something draws strength from your injuries!
You claw something!
You hear some strange, mumbled words.
You feel momentarily confused.
You closely miss something. Something draws life force from you!
You die...

*,,,,,,..# #......#
******,*****#.# #.####.#
*,,,##.######.#####.#.##.### *
*,,,..........)............# *
*,,,##.######))####.#.##.#.# *
**,***,######...###.####l#l# *
*,***,..........##......#.# *
*,*,,,,...##{..##########!# *
*,*,***##,*##@## #w# * *,*,* *,*
#)# #.#*** *,*,*** *,* #.# #..,*
*,,,,,* *,**#+#* ###.* ***,*,*
*,**...** *.# *,*,* *,*.....**
*** *,# ******,*,***,.......**
**,***,*
,,,,,,,,,,,,.........****,,,**,**
****,,,,,,,..........+,,,,,,,,,,,


There were no monsters in sight!

Vanquished Creatures
  An ogre (D:5)
  A phantom (D:4)
  A hound (D:5)
  Jessica (D:3)
  An orc wizard (D:5)
  A gnoll (D:1)
  8 adders
  A worm (D:2)
  3 dart slugs
  5 orcs
  2 endoplasms
  4 giant cockroaches
  A goblin (D:1)
  8 hobgoblins
  2 jackals (D:1)
  5 kobolds
  4 quokkas
  2 ball pythons
  3 bats
  2 frilled lizards
56 creatures vanquished.

Vanquished Creatures (collateral kills)
  3 orcs (D:5)
3 creatures vanquished.

Grand Total: 59 creatures vanquished

Notes
Turn   | Place    | Note
-------+----------+-------------------------------------------
     0 | D:1      | Spaninq the Troll Chaos Knight began the quest for the Orb.
     0 | D:1      | Reached XP level 1. HP: 22/22 MP: 0/0
    97 | D:1      | XOM: potion effect (brilliance)
   118 | D:1      | Reached XP level 2. HP: 23/29 MP: 1/1
   242 | D:1      | Reached XP level 3. HP: 36/36 MP: 2/2
   277 | D:1      | Reached skill level 4 in Unarmed Combat
   334 | D:1      | XOM: give mutations
   334 | D:1      | Gained mutation: Your body sometimes deteriorates upon
                  | taking damage. [Xom's mischief]
   334 | D:1      | Gained mutation: You possess an exceptional clarity of
                  | mind. [Xom's mischief]
   334 | D:1      | Gained mutation: You are weak. (Str -2) [Xom's mischief]
   579 | D:2      | Found a faded altar of an unknown god.
   696 | D:2      | Found a shimmering altar of Xom.
   742 | D:2      | XOM: enchant monster (good)
   790 | D:2      | XOM: 10-stop teleportation journey
   907 | D:2      | XOM: enchant monster (good)
   910 | D:2      | Reached XP level 4. HP: 45/45 MP: 3/3
  1240 | D:3      | Found a broken altar of Ashenzari.
  1495 | D:3      | Noticed Jessica
  1496 | D:3      | Killed Jessica
  1497 | D:3      | Reached skill level 5 in Unarmed Combat
  1497 | D:3      | Reached XP level 5. HP: 53/53 MP: 4/4
  1690 | D:4      | XOM: god gift: +2 hand crossbow of chaos
  1698 | D:4      | XOM: give mutation
  1698 | D:4      | Gained mutation: Your mind is acute. (Int +2) [Xom's grace]
  1766 | D:4      | Found a staircase to the Ecumenical Temple.
  1782 | D:4      | Found a transporter.
  1806 | Temple   | Entered the Ecumenical Temple
  1840 | Temple   | XOM: scenery: 1 fountains blood, 2 doors open, 1 doors
                  | close
  1984 | Temple   | XOM is BORED!
  2005 | D:4      | XOM: 1-stop teleportation journey
  2152 | D:4      | Found a transporter.
  2451 | D:4      | XOM: give mutation
  2451 | D:4      | Lost mutation: Your body sometimes deteriorates upon taking
                  | damage. [Xom's mischief]
  2506 | D:4      | Noticed a phantom
  2512 | D:4      | Killed a phantom
  2572 | D:5      | Entered Level 5 of the Dungeon
  2575 | D:5      | Found a snail-covered altar of Cheibriados.
  2576 | D:5      | XOM: polymorph dart slug -> bat
  2589 | D:5      | Noticed an ice beast
  2589 | D:5      | Noticed a vampire
  2686 | D:5      | Reached XP level 6. HP: 50/62 MP: 5/5
  2728 | D:5      | Reached skill level 6 in Unarmed Combat
  2759 | D:5      | Killed from afar by a vampire

Illustrated notes

Levels and vault maps discovered:
D:1:      evilmike_arrival_grusome_pit, layout_rooms
D:2:      layout_loops_ring, basic_altar, shapermc_ecumenical_altar_mp_highgroup
D:3:      layout_loops_ring, mainiacjoe_overflow_tiny_flanked, uniq_jessica
D:4:      gammafunk_steamed_eel, layout_loops_ring, temple_doors_e,
          chequers_decorated_corner
D:5:      layout_loops_corners, kennysheep_slug_shrine, uniq_menkaure
Temple:   bh_familiar_temple

Skill      XL: |  1  2  3  4  5  6 |
---------------+-------------------+-----
Unarmed Combat | 4 5 6 |  6.3
Fighting       | 3 4 |  4.0
Dodging        | |  1.9

Action                   |  1- 3 |  4- 6 || total
-------------------------+-------+-------++-------
Melee: Unarmed           |    98 |   108 ||   206
       Punch             |       |     4 ||     4
  Use: Scroll            |       |    11 ||    11
 Stab: Paralysed         |     3 |       ||     3
       Sleeping          |     1 |       ||     1
Armor: Robe              |    55 |    25 ||    80
Dodge: Dodged            |    40 |    34 ||    74

Table legend: (Time is in decaauts)
 A = Elapsed time spent in this place.
 B = Non-inter-level travel time spent in this place.
 C = Inter-level travel time spent in this place.
 D = Time resting spent in this place.
 E = Time spent auto-exploring this place.
 F = Levels seen in this place.
 G = Mean time per level.
                   A        B        C        D        E       F      G
               +--------+--------+--------+--------+--------+-----+--------+
         Total |   2743 |   2623 |    120 |      0 |   2045 |   6 |  457.2 |
       Dungeon |   2564 |   2452 |    112 |      0 |   1880 |   5 |  512.8 |
        Temple |    178 |    170 |      8 |      0 |    165 |   1 |  178.0 |
               +--------+--------+--------+--------+--------+-----+--------+

Top non-repeatable levels by time:
     D:4: 747 daAuts
     D:3: 656 daAuts
     D:2: 555 daAuts
     D:1: 457 daAuts
  Temple: 178 daAuts
     D:5: 148 daAuts
